 Dungeon Sprint DCSS version 0.23-a0-404-g0063841 (webtiles) character file.

33 rednecknazgul the Insei (level 3, -1/27 HPs)
             Began as a Vine Stalker Transmuter on Nov 5, 2018.
             Slain by a sky beast (3 damage)
             ... in the Dungeon (Sprint IX: "|||||||||||||||||||||||||||||").
             The game lasted 00:00:19 (162 turns).

rednecknazgul the Insei (Vine Stalker Transmuter)    Turns: 162, Time: 00:00:20

Health: -1/27      AC:  2    Str: 18    XL:     3   Next: 29%
Magic:  0/8        EV: 13    Int: 13    God:
Gold:   0          SH:  0    Dex: 14    Spells: 7/8 levels left

rFire    . . .     SeeInvis .     - Unarmed
rCold    . . .     Gourm    .   (no shield)
rNeg     . . .     Faith    .   b - +0 robe
rPois    .         Spirit   +   (no helmet)
rElec    .         Reflect  .   (no cloak)
rCorr    .         Harm     .   (no gloves)
MR       .....     NoTele   +   (no boots)
Stlth    ..........             (no amulet)
HPRegen  0.09/turn              (no ring)
MPRegen  0.11/turn              (no ring)

@: berserking (expiring), appendage (expiring), very quick
A: fangs 2, horns 2, magic shield, antimagic bite, no potion heal 3, rot
immunity
a: End Transformation


You were in the Dungeon.
You were not hungry.
You had grown temporary horns.
You visited 1 branch

Inventory:

Missiles
 a - 12 arrows
Armour
 b - a +0 robe (worn)
Scrolls
 j - a scroll of blinking
Potions
 e - a potion of curing
 f - a potion of heal wounds
 g - a potion of haste
 h - 2 potions of magic
Comestibles
 d - a ration


   Skills:
 + Level 2.0 Fighting
 + Level 1.4 Armour
 + Level 2.4 Dodging
 * Level 4.3 Unarmed Combat
 + Level 3.0 Spellcasting
 * Level 3.6 Transmutations


You had 7 spell levels left.
You knew the following spells:

 Your Spells              Type           Power        Failure   Level  Hunger
a - Beastly Appendage     Tmut           ##....       5%          1    #......

Your spell library contained the following spells:

 Spells                   Type           Power        Failure   Level  Hunger
 Sticks to Snakes         Tmut           ##......     8%          2    ###....
 Spider Form              Tmut/Pois      #.........   32%         3    ###....
 Ice Form                 Ice/Tmut       #.......     71%         4    #####..
 Blade Hands              Tmut           ##........   82%         5    ######.


Dungeon Overview and Level Annotations

Branches:
Dungeon (1/1)

Altars:


Innate Abilities, Weirdness & Mutations

You have extremely sharp teeth.
When hurt, damage is shared between your health and your magic reserves.
Your bite disrupts and absorbs the magic of your enemies.
Potions cannot restore your health.
You are immune to rotting.
You have a pair of horns on your head.


Message History

You feel stronger.
You barely miss the ball python. You headbutt the ball python.
You kill the ball python!
Something hits you but does no damage.
There is an open door here.
Things that are here:
a ball python corpse; an iguana corpse You hit something.
Something hits you. Something shocks you.
* * * LOW HITPOINT WARNING * * *
You miss something.
Your transformation is almost over.
You miss something.
The giant cockroach waves its antennae.
Something hits you.
* * * LOW HITPOINT WARNING * * *
Something shocks you.
* * * LOW HITPOINT WARNING * * *
You miss something. You headbutt something! Your bite misses something.
Something hits you.
You die... ▓▓▓▓▓▓▓▓▓▓▓▓▓▓▓▓▓▓ ▓<...†)....@.Ys..+ ▓▓▓▓▓▓▓▓▓▓▓▓▓▓▓▓▓▓

You could see an ice beast and a giant cockroach.

Vanquished Creatures
  An iguana (D)
  A dart slug (D)
  2 ball pythons (D)
  2 goblins (D)
  A hobgoblin (D)
7 creatures vanquished.

Notes
Turn   | Place    | Note
-------+----------+-------------------------------------------
     0 | D        | rednecknazgul the Vine Stalker Transmuter began the quest
                  | for the Orb.
     0 | D        | Reached XP level 1. HP: 9/9 MP: 4/4
     7 | D        | Reached skill level 1 in Fighting
    14 | D        | Reached XP level 2. HP: 8/14 MP: 4/6
   151 | D        | Noticed a sky beast
   151 | D        | Noticed an ice beast
   156 | D        | Reached skill level 1 in Armour
   156 | D        | Reached skill level 4 in Unarmed Combat
   156 | D        | Reached XP level 3. HP: 11/18 MP: 6/8
   162 | D        | Slain by a sky beast

Vault maps used:
D:        linesprint

Skill      XL: |  1  2 |
---------------+-------+-----
Fighting       | 1 2 |  2.0
Dodging        | 2 |  2.4
Armour         | 1 |  1.4
Unarmed Combat | 4 |  4.3
Spellcasting   | 3 |  3.0
Transmutations | 3 |  3.6

Action                   || total
-------------------------++-------
Melee: Unarmed           ||    20
       Bite              ||     4
       Headbutt          ||     2
 Cast: Beastly Appendage ||     1
  Use: Potion            ||     1
Armor: Robe              ||     2
Dodge: Dodged            ||     3

Table legend:
 A = Non-vault XP
 B = Vault XP
 C = Vault XP percentage of total XP
 D = Non-vault monster count
 E = Vault monster count
 F = Vault count percentage of total count
                 A         B        C        D         E       F
            +---------+---------+-------+---------+---------+-------
      Total |       0 |      48 | 100.0 |       0 |       7 | 100.0
            +---------+---------+-------+---------+---------+-------
          D |       0 |      48 | 100.0 |       0 |       7 | 100.0
            +---------+---------+-------+---------+---------+-------
